 Dungeon Crawl Stone Soup version 0.28.0 (webtiles) character file.

Game seed: 14031054032425999226

60 Kold the Insei (level 3, 29/29 HPs)
             Began as a Demonspawn Monk on Feb 10, 2022.
             Was a Believer of Yredelemnul.
             Quit the game on level 2 of the Dungeon.
             The game lasted 00:02:28 (2242 turns).

Kold the Insei (Demonspawn Monk)                    Turns: 2242, Time: 00:02:29

Health: 29/29      AC:  7    Str: 11    XL:     3   Next: 82%
Magic:  3/3        EV: 13    Int: 11    God:    Yredelemnul [**....]
Gold:   50         SH:  0    Dex: 17    Spells: 2/2 levels left

rFire   . . .      SeeInvis .     - Unarmed
rCold   . . .      Faith    .   (no shield)
rNeg    . . .      Spirit   .   a - +0 robe
rPois   .          Reflect  .   (no helmet)
rElec   .          Harm     .   (no cloak)
rCorr   +          Rampage  .   k - +0 pair of gloves
Will    .....                   (no boots)
Stlth   ++........              (no amulet)
HPRegen 0.09/turn               b - +4 ring of protection
MPRegen 0.16/turn               f - ring of resist corrosion

@: no status effects
A: magic regeneration, weakness stinger 1
a: Renounce Religion, Recall Undead Harvest, Dark Bargain


You were on level 2 of the Dungeon.
You worshipped Yredelemnul.
Yredelemnul was noncommittal.
You visited 1 branch of the dungeon, and saw 2 of its levels.

You collected 50 gold pieces.

Inventory:

Missiles
 j - 2 throwing nets (quivered)
Armour
 a - a +0 robe (worn)
 k - a +0 pair of gloves (worn)
Jewellery
 b - a +4 ring of protection (left hand)
 f - a ring of resist corrosion (right hand)
 n - a ring of see invisible
Scrolls
 e - a scroll of torment {unknown}
 g - a scroll of vulnerability {unknown}
 i - 3 scrolls of identify {unknown}
 l - a scroll of teleportation {unknown}
 m - a scroll of blinking {unknown}
Potions
 c - a potion of invisibility {unknown}
 d - a potion of haste {unknown}
 h - 3 potions of attraction {unknown}
 o - 2 potions of curing {unknown}


   Skills:
 - Level 3.1 Fighting
 - Level 3.0 Dodging
 - Level 2.0 Stealth
 + Level 4.0 Unarmed Combat


You had 2 spell levels left.
You didn't know any spells.
Your spell library contained the following spells:

 Spells                   Type           Power      Damage    Failure   Level
 Sandblast                Erth           0%         2d4       34%         1
 Sting                    Tmut/Pois      0%         1d3       34%         1
 Passwall                 Tmut/Erth      0%         N/A       47%         2
 Poisonous Vapours        Pois/Air       0%         N/A       47%         2
 Frozen Ramparts          Ice            0%         1d2       71%         3
 Gell's Gravitas          Tloc           0%         N/A       71%         3
 Stone Arrow              Conj/Erth      0%         3d7       71%         3
 Teleport Other           Tloc           0%         N/A       71%         3
 Ice Form                 Ice/Tmut       0%         N/A       98%         4
 Olgreb's Toxic Radiance  Pois           0%         N/A       98%         4
 Summon Ice Beast         Ice/Summ       0%         N/A       98%         4
 Dispersal                Tloc           0%         N/A       100%        6


Dungeon Overview and Level Annotations

Branches:
Dungeon (2/15)

Altars:
Yredelemnul


Innate Abilities, Weirdness & Mutations

You regenerate magic rapidly.
You have a small tail.


Message History

The rat misses you.
You hit the rat.
You kill the rat!
No target in view!
You see here a rat corpse.
h - 3 sedimented dark potions (gained 1)
m - a scroll labelled OCLASAMEVI You see here a rat corpse.
You see here a +0 club.
There is an open door here.
You now have 50 gold pieces (gained 6).
A goblin comes into view. It is wielding a +0 club.
A goblin is nearby!
An endoplasm comes into view.
The helpless goblin fails to defend itself.
You punch the goblin!
You kill the goblin!
The helpless endoplasm fails to defend itself.
You hit the endoplasm.
You kill the endoplasm!
Your Unarmed Combat skill increases to level 4!
No target in view!
No target in view!
Things that are here:
a +0 club; a goblin corpse
Found a quarterstaff.
Found a faded altar of an unknown god.
n - a ring of see invisible
o - 2 yellow potions Search for what [? for help]? faded
Found a leather armour.
There is a faded altar of an unknown god here.
You cannot tell which god this altar belongs to.
Convert to them anyway?
Yredelemnul accepts your prayer! Yredelemnul welcomes you!
You can now trade souls for undead servants.
You can now reap souls.
You can now recall your undead harvest.
The rat bites your bat zombie.
Okay, then.
Are you sure you want to abandon this character and quit the game? (Confirm with "yes".)

#......##.#.....##
#......##..#####.##
#.....###.#.....#.##
##...###..≈§....≈..#.#
#... #!#≈.≈.).≈.≈#..#
#.#...#..≈.§.≈.≈..#.#
.#.#...§ZZZ§...#.# # .
#...§≈.Z≈...# # .
#...§Z@Z≈..[#
#..≈Z§Z§Z≈..#
#.#≈≈≈≈r≈≈≈≈#.#
##.#..≈.≈..#.##
##.#.≈.≈.#.##
##.##.##.## .. ... ##
##. ..#


You could see a rat (ally target), 5 friendly bat zombies, a friendly ball
python zombie and 3 friendly adder zombies.

Vanquished Creatures
  An adder (D:2)
  A worm (D:2)
  A dart slug (D:1)
  9 endoplasms
  A giant cockroach (D:2)
  3 goblins (D:2)
  3 hobgoblins (D:2)
  4 jackals (D:1)
  A quokka (D:2)
  2 ball pythons (D:2)
  4 bats
  2 frilled lizards (D:2)
  5 kobolds (D:2)
  6 rats
43 creatures vanquished.

Notes
Turn   | Place    | Note
-------+----------+-------------------------------------------
     0 | D:1      | Kold the Demonspawn Monk began the quest for the Orb.
     0 | D:1      | Reached XP level 1. HP: 18/18 MP: 1/1
   284 | D:1      | Gained mutation: You have a small tail. [demonic ancestry]
   284 | D:1      | Reached XP level 2. HP: 21/24 MP: 2/2
  1123 | D:2      | Reached skill level 3 in Unarmed Combat
  1389 | D:2      | Gained mutation: You regenerate magic rapidly. [demonic
                  | ancestry]
  1389 | D:2      | Reached XP level 3. HP: 29/29 MP: 3/3
  2197 | D:2      | Reached skill level 4 in Unarmed Combat
  2224 | D:2      | Found a faded altar of an unknown god.
  2241 | D:2      | Prayed at the altar of an unknown god.
  2241 | D:2      | Became a worshipper of Yredelemnul the Dark
  2241 | D:2      | Reached * piety under Yredelemnul
  2241 | D:2      | Reached ** piety under Yredelemnul
  2242 | D:2      | Quit the game

Illustrated notes

Levels and vault maps discovered:
D:1:      dpeg_arrival_circle_labyrinth_c, layout_loops_ring
D:2:      minmay_razor_zed, layout_loops_ring,
          shapermc_ecumenical_altar_starsandcircs, minmay_tetromino_o2,
          uniq_terence

Skill      XL: |  1  2  3 |
---------------+----------+-----
Stealth        | 2 |  2.0
Dodging        | 3 |  3.0
Unarmed Combat | 3 4 |  4.0
Fighting       | |  3.1

Action                   || total
-------------------------++-------
Melee: Unarmed           ||   134
       Punch             ||     4
       Tailslap          ||    13
 Stab: Sleeping          ||     6
Armor: Robe              ||    37
Dodge: Dodged            ||   100
